 Dungeon Crawl Stone Soup version 0.20.2-3-g29329e0561 (webtiles) character file.

3059 Alfie the Archer (level 9, 0/117 HPs)
             Began as a Minotaur Hunter on Aug 17, 2020.
             Succumbed to a killer bee's poison
             ... on level 8 of the Dungeon.
             The game lasted 00:25:19 (6624 turns).

Alfie the Archer (Minotaur Hunter)                  Turns: 6624, Time: 00:25:19

Health: 0/117      AC: 24    Str: 19    XL:     9   Next: 57%
Magic:  5/8        EV:  2    Int:  8    God:
Gold:   195        SH:  0    Dex: 12    Spells: 8/8 levels left

rFire    . . .     SeeInvis .   A - +2 great sword
rCold    . . .     Gourm    .   (shield currently unavailable)
rNeg     + + +     Faith    .   (armour currently unavailable)
rPois    +         Spirit   .   (helmet currently unavailable)
rElec    .         Reflect  .   (cloak currently unavailable)
rCorr    .         Harm     .   (gloves currently unavailable)
MR       .....     NoTele   +   (boots currently unavailable)
Stlth    ++........             (no amulet)
Regen    0.3/turn               D - ring of poison resistance
MPRegen  0.2/turn               (no ring)

@: lethally poisoned (0 -> 0), tree-form, very slightly contaminated, invisible
A: (retaliatory headbutt)
a: no special abilities


You were on level 8 of the Dungeon.
You were not hungry.
You were a tree.
You visited 1 branch of the dungeon, and saw 8 of its levels.

You collected 445 gold pieces.
You spent 250 gold pieces at shops.

Inventory:

Hand Weapons
 a - a +1 shortbow
 b - a +1 short sword
 v - a +0 shortbow of flaming
 A - a +2 great sword (weapon)
Missiles
 d - 106 arrows
 y - 5 tomahawks (quivered)
Armour
 h - a +2 leather armour of fire resistance (melded)
Jewellery
 i - an uncursed amulet of magic regeneration
 r - a +6 ring of strength {unknown}
 D - a ring of poison resistance (left branch)
Wands
 c - a wand of random effects (43/48)
 q - a wand of confusion (23/48)
Scrolls
 e - 2 scrolls of recharging
 u - a scroll of amnesia
 x - a scroll of teleportation
 B - 2 scrolls of blinking
Potions
 j - 2 potions of lignification
 l - a potion of flight {unknown}
 m - a potion of degeneration {unknown}
 s - 2 potions of haste {unknown}
 t - a potion of agility {unknown}
 w - 2 potions of might
Comestibles
 f - 6 bread rations
 g - 4 meat rations
 k - 3 fruits


   Skills:
 + Level 6.6 Fighting
 + Level 3.2(4.0) Short Blades
 + Level 3.9(4.6) Long Blades
 + Level 11.5 Bows
 + Level 4.0 Armour
 + Level 4.4 Dodging
 + Level 2.2 Stealth


You had 8 spell levels left.
You didn't know any spells.

Dungeon Overview and Level Annotations

Branches:
Dungeon (8/15)             Temple (0/1) D:5
   Lair: D:8-11

Altars:
Ashenzari
Dithmenos
Elyvilon
Gozag
Makhleb
Okawaru
Ru
Sif Muna
Uskayaw

Shops:
D:5 *   D:6 =

Annotations:
D:6 2 transporters


Innate Abilities, Weirdness & Mutations

((You reflexively headbutt those who attack you in melee.))
((You have a pair of horns on your head.))


Message History

a jackal corpse; a killer bee corpse x3
* * * LOW HITPOINT WARNING * * *
You feel sick.
It was a potion of invisibility.
You fade into invisibility!
* * * LOW HITPOINT WARNING * * *
You feel sick.
You are very lightly contaminated with residual magic.
It was a potion of lignification.
You turn into a tree.
Your +2 leather armour of fire resistance melds into your body.
You feel less resistant to fire.
Your roots penetrate the ground.
* * * LOW HITPOINT WARNING * * *
You feel sick.
* * * LOW HITPOINT WARNING * * *
You feel sick.
* * * LOW HITPOINT WARNING * * *
You feel sick.
* * * LOW HITPOINT WARNING * * *
You feel sick.
You die...

.. ...# #. ...# .#
#..##### .. #.......
#. #..... . #. #...
##+## .# #.###.###.#
##...##.# #......♣†.#
##.......#
#####..######.......##
##...####.........#
#..†....+.........+
##...####...<.....#
#...# ##.......##
##.## ##.....## #†#
##...##### #.#
#.........


There were no monsters in sight!

Vanquished Creatures
  An ice beast (D:7)
  An eye of draining (D:8)
  2 orc warriors
  A phantom (D:7)
  5 ogres
  4 centaurs
  Blork the orc (D:6)
  A gnoll sergeant (D:6)
  3 scorpions
  5 wights (D:7)
  3 killer bees (D:8)
  3 howler monkeys
  3 crimson imps
  2 bullfrog zombies
  4 orc priests
  A hound (D:5)
  A centaur skeleton (D:5)
  3 iguanas (D:6)
  8 worker ants
  Natasha (thrice) (D:2)
  5 orc wizards
  2 hound skeletons
  A worker ant zombie (D:6)
  6 gnolls
  8 adders
  A shadow imp (D:7)
  An ooze (D:5)
  An adder skeleton (D:6)
  2 worms (D:2)
  A dart slug (D:2)
  6 leopard geckos
  22 orcs
  A ball python (D:3)
  6 giant cockroaches
  8 goblins
  8 hobgoblins
  9 jackals
  8 kobolds
  3 quokkas
  12 bats
  5 frilled lizards
  A jackal skeleton (D:6)
  A leopard gecko zombie (D:6)
  A quokka skeleton (D:3)
  8 rats
182 creatures vanquished.

Vanquished Creatures (others)
  An orc wizard (D:5)
1 creature vanquished.

Grand Total: 183 creatures vanquished

Notes
Turn   | Place    | Note
-------+----------+-------------------------------------------
     0 | D:1      | Alfie the Minotaur Hunter began the quest for the Orb.
     0 | D:1      | Reached XP level 1. HP: 18/18 MP: 0/0
   208 | D:1      | Reached XP level 2. HP: 25/25 MP: 1/1
   218 | D:1      | Reached skill level 5 in Bows
   753 | D:2      | Reached XP level 3. HP: 28/30 MP: 2/2
   942 | D:2      | Noticed Natasha
   981 | D:2      | Reached XP level 4. HP: 37/37 MP: 3/3
   996 | D:2      | Killed Natasha
   996 | D:2      | Reached skill level 1 in Armour
  1331 | D:2      | Noticed Natasha
  1338 | D:2      | Killed Natasha
  1338 | D:2      | Reached skill level 1 in Short Blades
  1392 | D:2      | Reached XP level 5. HP: 39/44 MP: 4/4
  1404 | D:2      | Noticed Natasha
  1414 | D:2      | Killed Natasha
  1414 | D:2      | Reached skill level 6 in Bows
  1507 | D:2      | Reached skill level 1 in Stealth
  2222 | D:4      | Noticed an ogre
  2233 | D:4      | Killed an ogre
  2233 | D:4      | Reached XP level 6. HP: 40/51 MP: 5/5
  2303 | D:4      | Reached skill level 7 in Bows
  2376 | D:4      | Reached XP level 7. HP: 28/58 MP: 6/6
  2770 | D:5      | Entered Level 5 of the Dungeon
  2900 | D:5      | Reached skill level 8 in Bows
  3053 | D:5      | Found a shattered altar of Ashenzari.
  3130 | D:5      | Reached XP level 8. HP: 43/67 MP: 7/7
  3212 | D:5      | Found Goc Egg's General Store.
  3220 | D:5      | Bought a potion of curing for 30 gold pieces
  3261 | D:5      | Reached skill level 9 in Bows
  3292 | D:5      | Found a staircase to the Ecumenical Temple.
  3298 | D:5      | Found a burning altar of Makhleb.
  3332 | D:5      | Reached skill level 5 in Fighting
  4318 | D:6      | Noticed a kobold demonologist
  4320 | D:6      | Noticed a kobold demonologist
  4335 | D:6      | Found a transporter.
  4347 | D:6      | Found a transporter.
  4373 | D:6      | Reached skill level 10 in Bows
  4990 | D:6      | Found a white marble altar of Elyvilon.
  5090 | D:6      | Noticed Blork the orc
  5099 | D:6      | Killed Blork the orc
  5099 | D:6      | Reached XP level 9. HP: 74/75 MP: 8/8
  5110 | D:6      | Found Vatref's Jewellery Shop.
  5138 | D:6      | Bought an uncursed ring of poison resistance for 220 gold pieces
  5302 | D:6      | Found a sacrificial altar of Ru.
  5302 | D:6      | Found an opulent altar of Gozag.
  5832 | D:7      | Found a deep blue altar of Sif Muna.
  5917 | D:7      | Found a shadowy altar of Dithmenos.
  5923 | D:7      | Reached skill level 11 in Bows
  6175 | D:7      | Found an iron altar of Okawaru.
  6413 | D:7      | Reached skill level 1 in Long Blades
  6444 | D:7      | Found a hide-covered altar of Uskayaw.
  6611 | D:8      | HP: 3/78 [poisoned by a killer bee]
  6617 | D:8      | HP: 1/117 [poisoned by a killer bee]
  6624 | D:8      | Succumbed to a killer bee's poison

Skill      XL: |  1  2  3  4  5  6  7  8  9 |
---------------+----------------------------+-----
Bows           | 5 6 7 8 10 11 | 11.5
Armour         | 1 2 3 4 |  4.0
Short Blades   | 1 2 3 |  3.2
Stealth        | 1 2 |  2.2
Fighting       | 3 4 6 |  6.6
Dodging        | 3 4 |  4.4
Long Blades    | 3 |  3.9

Action                   |  1- 3 |  4- 6 |  7- 9 || total
-------------------------+-------+-------+-------++-------
Melee: Short sword       |    54 |    66 |    96 ||   216
       Headbutt          |    10 |    12 |    35 ||    57
       Great sword       |       |       |    50 ||    50
 Fire: Shortbow          |    29 |   101 |   306 ||   436
  Use: Scroll            |     4 |     2 |     8 ||    14
       Potion            |     2 |       |     9 ||    11
 Stab: Sleeping          |       |       |     1 ||     1
  Eat: Bread ration      |       |     1 |     2 ||     3
       Fruit             |       |     1 |       ||     1
       Royal jelly       |       |       |     2 ||     2
Armor: Leather armour    |    15 |    24 |    48 ||    87
Dodge: Dodged            |    40 |    66 |   186 ||   292
       Rpst.: Great sword |       |       |    13 ||    13
